[Event "Titled Tuesday Blitz July 6 2021"]
[White "Alexeev, Alexey"]
[Black "Sardana, Rishi"]
[WhiteFideId "14106663"]
[BlackFideId "25004301"]
[WhiteElo "2185"]
[BlackElo "2340"]
[Result "0-1"]
[Round "01"]
[TimeControl "180+1"]
[Date "2021.07.06"]
[WhiteClock "0:00:01"]
[BlackClock "0:00:04"]

1. e4 c5 2. Nf3 d6 3. Bb5+ Bd7 4. Bxd7+ Nxd7 5. c4 Ngf6 6. Nc3 g6 7. d4 cxd4 8. Nxd4 Bg7 9. b3 O-O 10. Bb2 a6 11. O-O Rc8 12. Rc1 Qa5 13. Qe2 Rfe8 14. Kh1 e6 15. f4 Nh5 16. Qf2 Nc5 17. Rcd1 b5 18. cxb5 axb5 19. Ndxb5 d5 20. exd5 exd5 21. Rxd5 Ne4 22. Nxe4 Rxe4 23. Nc3 Qa8 24. Nxe4 Qxd5 25. Bxg7 Qxe4 26. Be5 Rc2 27. Qf3 Qxf3 28. gxf3 Rxa2 29. Rb1 f6 30. Bd4 Nxf4 31. Bxf6 Kf7 32. Be5 Nd3 33. Bg3 h5 34. b4 g5 35. b5 h4 36. Bc7 Nf2+ 37. Kg1 Nh3+ 38. Kf1 Ke6 39. b6 Rf2+ 40. Ke1 Rg2 41. Rb5 Ng1 42. Kf1 h3 0-1


[Site "https://www.chess.com"]

[Event "Titled Tuesday Blitz July 6 2021"]
[White "Altman, Joshua"]
[Black "Dang, Hoang Son"]
[WhiteFideId "426210"]
[BlackFideId "12402435"]
[WhiteElo "1945"]
[BlackElo "2248"]
[Result "0-1"]
[Round "01"]
[TimeControl "180+1"]
[Date "2021.07.06"]
[WhiteClock "0:00:04"]
[BlackClock "0:00:34"]

1. d4 Nf6 2. c4 g6 3. Nc3 Bg7 4. Nf3 O-O 5. Bg5 d6 6. e3 Nbd7 7. Be2 e5 8. Qc2 h6 9. Bh4 g5 10. Bg3 Nh5 11. dxe5 Nxg3 12. hxg3 Nxe5 13. Nxe5 dxe5 14. O-O c6 15. Rfd1 Qe7 16. Ne4 Bf5 17. Bd3 Bg6 18. c5 Kh8 19. Nd6 Bxd3 20. Rxd3 e4 21. Rd2 f5 22. Rad1 Rf6 23. g4 f4 24. Nxe4 Rf7 25. Nd6 fxe3 26. Nxf7+ Qxf7 27. fxe3 Qe7 28. Rd7 Qxe3+ 29. Kh1 Rf8 30. Qg6 Qe5 31. Rxb7 Rg8 32. Qxc6 Qg3 33. Qf3 Qh4+ 34. Qh3 Qf2 35. c6 Qc2 36. Qd3 Qxc6 37. Qd7 Qe4 38. Rxa7 Qe2 39. Qd3 Qxb2 40. Qg6 Qe2 41. Rb1 Qxg4 42. Rxg7 Qh4+ 43. Kg1 Qd4+ 44. Kh1 Qxg7 45. Qxg7+ Kxg7 46. Rb7+ Kg6 47. Ra7 h5 48. Ra6+ Kf5 49. Kg1 h4 50. Kf2 Kg4 51. Ra4+ Kh5 52. Ra5 Rb8 53. a4 Rb2+ 54. Kf3 Rb3+ 55. Kf2 Kg4 56. Ra8 Ra3 57. a5 Ra2+ 58. Ke3 Rxg2 59. a6 Ra2 60. a7 h3 61. Ke4 h2 62. Rh8 Kg3 63. Ke3 Rxa7 0-1


[Site "https://www.chess.com"]

[Event "Titled Tuesday Blitz July 6 2021"]
[White "Arakhamia-Grant, Ketevan"]
[Black "Abdurakhmonov, Mukhammadali"]
[WhiteFideId "13600168"]
[BlackFideId "14207346"]
[WhiteElo "2177"]
[BlackElo "2266"]
[Result "0-1"]
[Round "01"]
[TimeControl "180+1"]
[Date "2021.07.06"]
[WhiteClock "0:00:17"]
[BlackClock "0:01:40"]

1. e4 e5 2. Nf3 Nc6 3. Bb5 a6 4. Ba4 Nf6 5. O-O Nxe4 6. d4 b5 7. Bb3 d5 8. dxe5 Be6 9. c3 Bc5 10. Nbd2 O-O 11. Nxe4 dxe4 12. Ng5 Bxb3 13. Qxb3 e3 14. Ne4 exf2+ 15. Kh1 Qd3 16. Ng3 Nxe5 17. Bf4 Nc4 18. Rad1 Qg6 19. Rd7 c6 20. Qd1 Rae8 21. b4 Bb6 22. a4 bxa4 23. Qxa4 Re1 24. Qxa6 Qxg3 25. hxg3 Rxf1+ 26. Kh2 Re1 27. Qxc4 f1=Q 28. Qxf1 Rxf1 0-1


[Site "https://www.chess.com"]

[Event "Titled Tuesday Blitz July 6 2021"]
[White "Arutinian, David"]
[Black "Chyzy, Jakub"]
[WhiteFideId "13601741"]
[BlackFideId "21806209"]
[WhiteElo "2525"]
[BlackElo "2013"]
[Result "1-0"]
[Round "01"]
[TimeControl "180+1"]
[Date "2021.07.06"]
[WhiteClock "0:00:47"]
[BlackClock "0:00:02"]

1. Nf3 Nf6 2. c4 g6 3. Nc3 Bg7 4. e4 d6 5. d4 Nbd7 6. Be2 e5 7. O-O O-O 8. Qc2 c6 9. d5 c5 10. a3 Ne8 11. b4 b6 12. Bd2 f5 13. Ng5 Ndf6 14. exf5 Bxf5 15. Bd3 Bd7 16. bxc5 dxc5 17. Rae1 Qc7 18. h3 Nd6 19. Rxe5 Nxc4 20. Re7 Nxd2 21. Qxd2 Qd6 22. Rfe1 Rae8 23. Rxe8 Rxe8 24. Bc4 Bh6 25. Rxe8+ Bxe8 26. f4 Bg7 27. Qe3 Bd7 28. Kh1 h6 29. Ne6 a6 30. a4 b5 31. axb5 axb5 32. Ba2 b4 33. Ne4 Nxe4 34. Qxe4 Bxe6 35. dxe6 Qe7 36. Qxg6 Kh8 37. Bc4 Qf6 38. Qe8+ Qf8 39. Qb5 Qxf4 40. Qe8+ Qf8 41. Qd7 Qf4 42. Qd8+ Qf8 43. e7 1-0


[Site "https://www.chess.com"]

[Event "Titled Tuesday Blitz July 6 2021"]
[White "Bon, Michael"]
[Black "Bluebaum, Matthias"]
[WhiteFideId "620696"]
[BlackFideId "24651516"]
[WhiteElo "2422"]
[BlackElo "2685"]
[Result "0-1"]
[Round "01"]
[TimeControl "180+1"]
[Date "2021.07.06"]
[WhiteClock "0:00:09"]
[BlackClock "0:02:04"]

1. e4 c6 2. d4 d5 3. Nc3 dxe4 4. Nxe4 Nf6 5. Nxf6+ exf6 6. c3 Bd6 7. Bd3 O-O 8. Qc2 Re8+ 9. Ne2 h5 10. O-O h4 11. h3 Nd7 12. Be3 Nf8 13. c4 Be6 14. Rad1 Rc8 15. Bf5 Bb8 16. Bxe6 Rxe6 17. d5 cxd5 18. Rxd5 Qxd5 19. cxd5 Rxc2 20. dxe6 Nxe6 21. Nd4 Rxb2 22. Rc1 Kh7 23. Kf1 Be5 24. Nf5 Rxa2 25. Nxh4 a5 26. Nf3 Ra1 0-1


[Site "https://www.chess.com"]

[Event "Titled Tuesday Blitz July 6 2021"]
[White "Cunjalo, Faris"]
[Black "Guliev, Logman"]
[WhiteFideId "14410710"]
[BlackFideId "13400061"]
[WhiteElo "2234"]
[BlackElo "2128"]
[Result "1-0"]
[Round "01"]
[TimeControl "180+1"]
[Date "2021.07.06"]
[WhiteClock "0:00:03"]
[BlackClock "0:00:05"]

1. d4 Nf6 2. c4 e6 3. Nf3 Bb4+ 4. Nbd2 O-O 5. a3 Bxd2+ 6. Qxd2 b6 7. e3 Bb7 8. Be2 d6 9. b4 Nbd7 10. Bb2 Qe7 11. O-O c5 12. Rfd1 Rfd8 13. Rac1 Ne4 14. Qe1 a5 15. dxc5 dxc5 16. b5 Ng5 17. Nd2 Nf6 18. f3 h6 19. Qg3 Nh5 20. Qe5 Nf6 21. Nb1 Rxd1+ 22. Rxd1 Rd8 23. Rxd8+ Qxd8 24. Kf2 Ngh7 25. Ke1 Nf8 26. Nc3 Ng6 27. Qg3 Nh5 28. Qf2 Qd6 29. g3 Nf6 30. e4 Ne5 31. Qe3 Ng6 32. Na4 e5 33. Nc3 Qd4 34. Nd1 Qd6 35. Nc3 Nf8 36. Nd5 N8d7 37. Bf1 Ne8 38. h4 Bxd5 39. cxd5 Qg6 40. Kf2 Nd6 41. a4 Nf6 42. Bxe5 Ndxe4+ 43. Kg2 Qf5 44. Bf4 Nxd5 45. Qxe4 Nxf4+ 46. Qxf4 Qc2+ 47. Kh3 Qxa4 48. Qxa4 g6 49. Bd3 Kg7 50. Qa1+ f6 51. h5 gxh5 52. Bf5 1-0


[Site "https://www.chess.com"]

[Event "Titled Tuesday Blitz July 6 2021"]
[White "Deepan Chakkravarthy J."]
[Black "Kotepalli, Sai Nirupama"]
[WhiteFideId "5011132"]
[BlackFideId "5039444"]
[WhiteElo "2490"]
[BlackElo "2401"]
[Result "1-0"]
[Round "01"]
[TimeControl "180+1"]
[Date "2021.07.06"]
[WhiteClock "0:00:15"]
[BlackClock "0:00:01"]

1. Nf3 Nc6 2. d4 e6 3. e4 d5 4. Nc3 g6 5. Be3 Bg7 6. Qd2 Nge7 7. O-O-O dxe4 8. Nxe4 Nf5 9. Bg5 f6 10. Bf4 O-O 11. g4 Qd5 12. Qd3 Nfxd4 13. Nxd4 Nxd4 14. Bg2 Qxa2 15. Nc3 Qa1+ 16. Kd2 Qxb2 17. Qxd4 e5 18. Qc4+ Kh8 19. Be3 Rd8+ 20. Ke1 Bxg4 21. Rc1 b5 22. Qxg4 Qxc3+ 23. Kf1 Rab8 24. Qe2 f5 25. Bg5 Rd7 26. h4 h6 27. Rh3 Qc4 28. Rd3 Rxd3 29. cxd3 Qe6 30. Bd2 Rc8 31. Bb4 c5 32. Rxc5 Rxc5 33. Bxc5 Qc8 34. Qe3 Qd8 35. Bc6 f4 36. Qe4 Qxh4 37. Ke2 Qg4+ 38. Kd2 a6 39. Bb7 1-0


[Site "https://www.chess.com"]

[Event "Titled Tuesday Blitz July 6 2021"]
[White "Dobrov, Vladimir"]
[Black "Zong, Davis"]
[WhiteFideId "4136594"]
[BlackFideId "30903955"]
[WhiteElo "2614"]
[BlackElo "2411"]
[Result "1-0"]
[Round "01"]
[TimeControl "180+1"]
[Date "2021.07.06"]
[WhiteClock "0:00:41"]
[BlackClock "0:00:11"]

1. d4 d5 2. c4 c6 3. Nc3 Nf6 4. Nf3 e6 5. Qd3 dxc4 6. Qxc4 b5 7. Qd3 a6 8. Bg5 Nbd7 9. e4 h6 10. Bh4 Qb6 11. e5 Nd5 12. Nxd5 cxd5 13. Be2 Bb4+ 14. Kf1 O-O 15. a3 g5 16. Bxg5 hxg5 17. Nxg5 f5 18. axb4 Bb7 19. Qg3 Rfc8 20. Bd3 Kf8 21. Qh4 Ke8 22. g4 Nf8 23. gxf5 Kd7 24. fxe6+ Kc7 25. e7 Nd7 26. Rc1+ Kb8 27. Rxc8+ Bxc8 1-0


[Site "https://www.chess.com"]

[Event "Titled Tuesday Blitz July 6 2021"]
[White "Drygalov, Sergey"]
[Black "Shtyka, Sergey"]
[WhiteFideId "24171743"]
[BlackFideId "4138465"]
[WhiteElo "2514"]
[BlackElo "2064"]
[Result "0-1"]
[Round "01"]
[TimeControl "180+1"]
[Date "2021.07.06"]
[WhiteClock "0:00:01"]
[BlackClock "0:00:04"]

1. d4 c5 2. d5 e5 3. Nc3 d6 4. e4 Be7 5. Bb5+ Bd7 6. a4 Bg5 7. Nf3 Bxc1 8. Qxc1 Nf6 9. Nd2 O-O 10. O-O Bc8 11. a5 Nbd7 12. Be2 Ne8 13. Nc4 Rb8 14. Nb5 Ndf6 15. Qe3 Ra8 16. f4 exf4 17. Rxf4 Qe7 18. Raf1 Bd7 19. Nc3 Rb8 20. Qg3 b5 21. axb6 axb6 22. Rxf6 Nxf6 23. Nxd6 Ne8 24. Nc4 Nf6 25. e5 Nxd5 26. Nxd5 Qe6 27. Nf6+ Kh8 28. Nxd7 Qxd7 29. Nd6 Rbd8 30. Bd3 g6 31. Qh4 f5 32. Bc4 Rb8 33. Nf7+ Rxf7 34. e6 Qe7 35. Qg3 Rf6 36. Re1 Rbf8 37. Qe5 Kg7 38. Bd5 g5 39. c4 h6 40. Ra1 f4 41. Ra6 Rd8 42. Rxb6 Kg6 0-1


[Site "https://www.chess.com"]

[Event "Titled Tuesday Blitz July 6 2021"]
[White "Erdogdu, Mert"]
[Black "Nilsen, Tobias Lang"]
[WhiteFideId "6301495"]
[BlackFideId "1521624"]
[WhiteElo "2485"]
[BlackElo "1975"]
[Result "1-0"]
[Round "01"]
[TimeControl "180+1"]
[Date "2021.07.06"]
[WhiteClock "0:00:13"]
[BlackClock "0:00:01"]

1. e4 e6 2. d4 d5 3. exd5 exd5 4. c4 Nf6 5. Nc3 Bb4 6. Bd3 O-O 7. Ne2 dxc4 8. Bxc4 Nc6 9. O-O h6 10. h3 Bf5 11. a3 Bd6 12. Ba2 a6 13. d5 Ne5 14. Nd4 Bh7 15. f4 Ned7 16. f5 Ne5 17. Kh1 Qe7 18. Bf4 Rae8 19. Qd2 Nh5 20. Bh2 Qh4 21. Qf2 Qxf2 22. Rxf2 Nd3 23. Rd2 Nc5 24. b4 Ne4 25. Nxe4 Rxe4 26. g4 Ng3+ 27. Kg2 Be5 28. Bxg3 Rxd4 29. Rxd4 Bxd4 30. Rc1 g6 31. Rxc7 gxf5 32. d6 fxg4 33. hxg4 Be4+ 34. Kh3 h5 35. gxh5 Kg7 36. Bf4 Bf5+ 37. Kg3 Kf6 38. Rxb7 Rg8+ 39. Kf3 Bc8 40. Rxf7# 1-0


[Site "https://www.chess.com"]

[Event "Titled Tuesday Blitz July 6 2021"]
[White "Estrada Nieto, Julian"]
[Black "Priasmoro, Novendra"]
[WhiteFideId "5101018"]
[BlackFideId "7105029"]
[WhiteElo "2270"]
[BlackElo "2309"]
[Result "0-1"]
[Round "01"]
[TimeControl "180+1"]
[Date "2021.07.06"]
[WhiteClock "0:00:06"]
[BlackClock "0:02:02"]

1. e4 c5 2. Nf3 Nc6 3. Bb5 g6 4. c3 Bg7 5. O-O Nf6 6. Qe2 O-O 7. Rd1 e5 8. d3 d6 9. Bg5 h6 10. Bh4 a6 11. Bc4 Qc7 12. Nbd2 b5 13. Bxf6 Bxf6 14. Bd5 Bb7 15. Nf1 Ne7 16. Bxb7 Qxb7 17. Ne3 Bg7 18. Qc2 d5 19. exd5 Nxd5 20. Nxd5 Qxd5 21. a4 Rab8 22. axb5 axb5 23. c4 bxc4 24. dxc4 Qe6 25. Re1 f5 26. Ra2 e4 27. h3 Qf6 28. Nd2 Rxb2 29. Rxb2 Qxb2 30. Rc1 Qxc2 31. Rxc2 Rb8 32. g4 Bd4 33. Kg2 Kf7 34. gxf5 gxf5 35. Nf1 Rg8+ 36. Kh2 Ke6 37. Ra2 f4 38. Ra6+ Kf5 39. Rxh6 Bxf2 40. Rh5+ Ke6 41. Rh6+ Ke5 42. Rh5+ Kd4 0-1


[Site "https://www.chess.com"]

[Event "Titled Tuesday Blitz July 6 2021"]
[White "Fernandez, Michael"]
[Black "Bilych, Olexiy"]
[WhiteFideId "5803560"]
[BlackFideId "14156504"]
[WhiteElo "2110"]
[BlackElo "2246"]
[Result "1-0"]
[Round "01"]
[TimeControl "180+1"]
[Date "2021.07.06"]
[WhiteClock "0:00:13"]
[BlackClock "0:00:16"]

1. e4 c5 2. Nf3 e6 3. b4 cxb4 4. d4 d5 5. e5 Nc6 6. a3 bxa3 7. c3 Nh6 8. Bd3 Be7 9. Bxa3 Nf5 10. Bxe7 Qxe7 11. Na3 O-O 12. O-O Bd7 13. Qd2 a6 14. Nc2 b5 15. Ne3 Nxe3 16. fxe3 f6 17. exf6 Rxf6 18. Bxb5 a5 19. Bd3 a4 20. e4 Na5 21. Qg5 Rf7 22. Qh5 Be8 23. exd5 g6 24. Qe5 exd5 25. Qxd5 Bc6 26. Qe5 Qxe5 27. Nxe5 Rxf1+ 28. Bxf1 Bd5 29. c4 Nb3 30. Ra3 Be6 31. d5 Bf5 32. Bd3 Nc5 33. Bxf5 gxf5 34. Kf2 Rb8 35. Ke3 Rb3+ 36. Rxb3 Nxb3 37. Nd3 a3 38. Nb4 Nc1 39. Kd2 a2 40. Nc2 Nb3+ 41. Kc3 Nc5 42. Kb2 Kf7 43. Kxa2 Kf6 44. Kb2 Ke5 45. Kc3 h5 46. Kb4 Ne4 47. Ne3 f4 48. Nf1 h4 49. Kb5 Kd4 50. c5 Kxd5 51. c6 Kd6 52. Kb6 Nf6 53. Nd2 Nd5+ 54. Kb7 Kc5 55. Nf3 Kc4 56. Nxh4 Kd3 57. c7 Nxc7 58. Kxc7 Ke2 59. Ng6 Kf2 60. Nxf4 Ke3 61. h4 Kxf4 62. h5 Kg5 63. g4 Kf6 64. Kd6 Kg5 65. Ke6 Kh6 66. Kf6 Kh7 67. g5 Kg8 68. g6 Kh8 69. h6 Kg8 70. g7 Kh7 71. Kf7 Kxh6 72. g8=Q Kh5 73. Qg3 Kh6 74. Qh4# 1-0


[Site "https://www.chess.com"]

[Event "Titled Tuesday Blitz July 6 2021"]
[White "Gabrielian, Artur"]
[Black "Baches Garcia, Guillermo"]
[WhiteFideId "4131002"]
[BlackFideId "2209764"]
[WhiteElo "2523"]
[BlackElo "2416"]
[Result "1-0"]
[Round "01"]
[TimeControl "180+1"]
[Date "2021.07.06"]
[WhiteClock "0:00:53"]
[BlackClock "0:00:12"]

1. e4 c5 2. Nc3 Nc6 3. Bb5 Nd4 4. Bc4 e6 5. Nf3 a6 6. Nxd4 cxd4 7. Ne2 Nf6 8. d3 d5 9. exd5 b5 10. Bb3 e5 11. Bg5 Bb7 12. O-O Bxd5 13. Bxf6 gxf6 14. Ng3 h5 15. Nxh5 Bb7 16. Qg4 Qb6 17. Rfe1 Be7 18. a4 Qc6 19. axb5 axb5 20. Rxa8+ Bxa8 21. Ng7+ Kf8 22. Nf5 Rh7 23. f3 Bb4 24. Ra1 Bb7 25. h4 Qd7 26. Ra7 Bc5 27. Ra1 Bc8 28. Ra8 Qb7 29. Qe4 1-0


[Site "https://www.chess.com"]

[Event "Titled Tuesday Blitz July 6 2021"]
[White "Galego, Luis"]
[Black "Zhigalko, Sergei"]
[WhiteFideId "1900072"]
[BlackFideId "13502956"]
[WhiteElo "2524"]
[BlackElo "2662"]
[Result "0-1"]
[Round "01"]
[TimeControl "180+1"]
[Date "2021.07.06"]
[WhiteClock "0:01:00"]
[BlackClock "0:00:57"]

1. e4 c5 2. Nf3 Nc6 3. d4 cxd4 4. Nxd4 Nf6 5. Nc3 e5 6. Ndb5 d6 7. Nd5 Nxd5 8. exd5 Nb8 9. c4 Be7 10. Be2 a6 11. Nc3 O-O 12. O-O f5 13. f3 Nd7 14. Be3 Bg5 15. Qd2 Bxe3+ 16. Qxe3 a5 17. b3 Nc5 18. Rab1 f4 19. Qd2 Bf5 20. Rb2 Rf6 21. a3 Rh6 22. Qe1 Qg5 23. Qf2 Qh5 24. h3 Bxh3 25. gxh3 Qxh3 26. Qg2 Rg6 27. Rf2 Rxg2+ 28. Rxg2 e4 29. Rh2 Qg3+ 0-1


[Site "https://www.chess.com"]

[Event "Titled Tuesday Blitz July 6 2021"]
[White "Garcia Blanco, Omar"]
[Black "Howell, David W L"]
[WhiteFideId "2287153"]
[BlackFideId "410608"]
[WhiteElo "2273"]
[BlackElo "2643"]
[Result "0-1"]
[Round "01"]
[TimeControl "180+1"]
[Date "2021.07.06"]
[WhiteClock "0:00:02"]
[BlackClock "0:00:07"]

1. e4 c5 2. c3 d5 3. exd5 Qxd5 4. d4 g6 5. Nf3 Bg7 6. Na3 cxd4 7. Bc4 Qe4+ 8. Be3 Nh6 9. cxd4 O-O 10. Nb5 Nc6 11. Nc3 Qf5 12. h3 Rd8 13. Qd2 Qh5 14. Be2 Ng4 15. Nh2 Nxe3 16. Bxh5 Nxg2+ 17. Kf1 Rxd4 18. Qg5 Bxh3 19. Bf3 Nh4+ 20. Ke1 Rad8 21. Rd1 Rxd1+ 22. Nxd1 Nxf3+ 23. Nxf3 Bf5 24. Qe3 h5 25. Nc3 Bf6 26. Rg1 Kg7 27. Ng5 Nd4 28. Kf1 Nc2 29. Qf3 Rd2 30. Nge4 Bg4 31. Nxd2 Bxf3 32. Nxf3 Nb4 33. Ke2 Nc6 34. Ne4 Bxb2 35. Rb1 Ba3 36. Rxb7 f5 37. Neg5 Kf6 38. Nh7+ Kg7 39. Nhg5 Kf6 40. Rc7 Nd8 41. Nh7+ Kg7 42. Nhg5 Kf6 43. Rd7 Nc6 44. Rd3 Bd6 45. Rc3 Nb4 46. a3 Nd5 47. Rb3 Nf4+ 48. Kf1 e5 49. Nh7+ Kg7 50. Nhg5 e4 51. Ne1 Kf6 52. Nh3 Ne6 53. f3 exf3 54. Nxf3 g5 55. Nf2 g4 56. Nd2 h4 57. Rd3 Bf4 58. Nc4 h3 59. Nxh3 gxh3 60. Rxh3 Bc7 61. Rd3 Ke7 62. Rd2 Bf4 63. Re2 Kf6 64. Ne3 Bxe3 65. Rxe3 Nd4 66. Rd3 Nb5 67. Kf2 Ke5 68. Kf3 Nd6 69. Re3+ Ne4 70. Ke2 Kd4 71. Kf3 Kc4 72. Kf4 Nc3 73. Kxf5 Nd5 74. Re4+ Kb3 75. a4 Nc3 76. Re3 a5 77. Ke5 Kb4 78. Kd4 Nxa4 79. Re4 Kb3 80. Kd3 Nc5+ 81. Kd4 Nxe4 82. Kxe4 a4 83. Kd3 a3 0-1


[Site "https://www.chess.com"]

[Event "Titled Tuesday Blitz July 6 2021"]
[White "Grischuk, Alexander"]
[Black "Aldokhin, Ivan"]
[WhiteFideId "4126025"]
[BlackFideId "24115720"]
[WhiteElo "2765"]
[BlackElo "2306"]
[Result "1-0"]
[Round "01"]
[TimeControl "180+1"]
[Date "2021.07.06"]
[WhiteClock "0:00:14"]
[BlackClock "0:00:04"]

1. e4 c5 2. Nf3 e6 3. Bd3 Nc6 4. O-O Nf6 5. e5 Nd5 6. Nc3 Nf4 7. Be4 d5 8. exd6 Bxd6 9. Bxc6+ bxc6 10. d3 O-O 11. Ne4 Nd5 12. Nxd6 Qxd6 13. Re1 f6 14. b3 e5 15. Nd2 Nc3 16. Ne4 Nxe4 17. Rxe4 Bf5 18. Re1 e4 19. dxe4 Qxd1 20. Rxd1 Bxe4 21. c4 a5 22. Be3 a4 23. Bxc5 Rfd8 24. b4 Bd3 25. Rdc1 a3 26. h3 Rd7 27. Rc3 Kf7 28. Kh2 g5 29. Rd1 Bf5 30. Rxd7+ Bxd7 31. Re3 Be6 32. b5 cxb5 33. cxb5 Bxa2 34. b6 Bd5 35. Bxa3 h5 36. Bd6 Ra2 37. Re7+ Kg6 38. b7 Bxb7 39. Rxb7 Rxf2 40. h4 gxh4 41. Rb4 Rd2 42. Bf4 Re2 43. Rc4 Kf5 44. Bc1 Re4 45. Rc6 Re1 46. Bb2 Re6 47. Rxe6 Kxe6 48. Kh3 Kf5 49. Kxh4 Kg6 50. Bc1 Kf5 51. Kxh5 Ke4 52. g4 f5 53. g5 f4 54. Bxf4 Kxf4 55. g6 1-0


[Site "https://www.chess.com"]

[Event "Titled Tuesday Blitz July 6 2021"]
[White "Gunina, Valentina"]
[Black "Rosenberg, Evan S"]
[WhiteFideId "4167570"]
[BlackFideId "2019299"]
[WhiteElo "2399"]
[BlackElo "2394"]
[Result "1-0"]
[Round "01"]
[TimeControl "180+1"]
[Date "2021.07.06"]
[WhiteClock "0:00:13"]
[BlackClock "0:00:10"]

1. d4 Nf6 2. c4 e6 3. Nf3 d5 4. Nc3 Bb4 5. Qa4+ Nc6 6. e3 O-O 7. Qc2 b6 8. cxd5 exd5 9. Bd3 Bb7 10. O-O Bd6 11. a3 a6 12. e4 dxe4 13. Nxe4 h6 14. Be3 Re8 15. Nxd6 Qxd6 16. Rac1 Nd5 17. Bd2 Qf6 18. Qc4 Rad8 19. Bb1 Nf4 20. Rfe1 Rxe1+ 21. Rxe1 Nxg2 22. d5 Nxe1 23. Nxe1 Ne5 24. Qxc7 Bxd5 25. f4 Nc6 26. Bc3 Qd6 27. Qxd6 Rxd6 28. Kf2 g6 29. f5 gxf5 30. Bxf5 Be6 31. Be4 Nd4 32. Nd3 Nb5 33. Be5 Rd8 34. Nf4 Rc8 35. Nh5 Rc1 36. Nf6+ Kf8 37. Bf4 h5 38. Bxc1 Ke7 39. Nxh5 Nd6 40. Bd3 Bg4 41. Bg5+ Kd7 42. Nf6+ Ke6 43. Nxg4 b5 44. h4 Kd5 45. h5 Kd4 46. Bc2 Nc4 47. h6 Nxb2 48. Bf6+ 1-0


[Site "https://www.chess.com"]

[Event "Titled Tuesday Blitz July 6 2021"]
[White "Hamley, Ryan"]
[Black "Abdusattorov, Nodirbek"]
[WhiteFideId "30959497"]
[BlackFideId "14204118"]
[WhiteElo "2442"]
[BlackElo "2662"]
[Result "0-1"]
[Round "01"]
[TimeControl "180+1"]
[Date "2021.07.06"]
[WhiteClock "0:00:04"]
[BlackClock "0:00:15"]

1. e4 e6 2. d4 d5 3. Nd2 c5 4. exd5 Qxd5 5. Ngf3 cxd4 6. Bc4 Qd8 7. O-O Nf6 8. Nb3 Nc6 9. Nbxd4 Nxd4 10. Qxd4 Qxd4 11. Nxd4 a6 12. a4 Bc5 13. Nb3 Ba7 14. a5 Bd7 15. h3 Rc8 16. Bd3 Nd5 17. c3 Bc6 18. Bd2 f6 19. Nd4 Bxd4 20. cxd4 Kd7 21. Rac1 Bb5 22. Bxb5+ axb5 23. f3 h5 24. Kf2 h4 25. Ke2 g5 26. Kd3 Kd6 27. Rfe1 Kd7 28. Ke4 Rc4 29. Rxc4 bxc4 30. Rc1 Rc8 31. f4 gxf4 32. Bxf4 c3 33. bxc3 Nxc3+ 34. Kf3 Rc6 35. Kg4 e5 36. dxe5 Rc4 37. Kh5 Rxf4 38. Rxc3 fxe5 39. Kg5 Ra4 40. Rc5 Re4 41. Rb5 Kc6 42. Rb6+ Kc7 43. Rb5 Kc8 44. Kf5 Re2 45. Rxe5 Rxg2 46. Re4 Ra2 47. Rxh4 Rxa5+ 48. Ke6 Kc7 49. Rc4+ Kb6 50. h4 Ra1 51. Kd5 Rh1 52. Rb4+ Ka6 53. Rb2 Rxh4 54. Kc5 Ra4 55. Rb6+ Ka7 56. Rb2 Kb8 57. Kb5 Rh4 58. Rf2 Ka7 59. Rf7 Rh5+ 60. Kb4 Rh6 61. Kb5 Rg6 62. Re7 Rg5+ 63. Kb4 Ka6 64. Re6+ b6 65. Rf6 Rg4+ 66. Kb3 Ka5 67. Rf8 Rg3+ 68. Kc4 b5+ 69. Kc5 Rc3+ 70. Kd4 Kb4 71. Rb8 Rc1 72. Kd3 Ka4 73. Kd2 Rc7 74. Rf8 b4 75. Rf4 Ka3 76. Rf8 b3 77. Ra8+ Kb2 78. Rb8 Ka2 79. Ra8+ Kb1 80. Rb8 b2 81. Kd1 Rd7+ 82. Ke2 Ra7 83. Kd2 Ka1 0-1


[Site "https://www.chess.com"]

[Event "Titled Tuesday Blitz July 6 2021"]
[White "Iljiushenok, Ilia"]
[Black "Pereira, Juliano Resende M"]
[WhiteFideId "24105074"]
[BlackFideId "2109816"]
[WhiteElo "2560"]
[BlackElo "2402"]
[Result "0-1"]
[Round "01"]
[TimeControl "180+1"]
[Date "2021.07.06"]
[WhiteClock "0:01:15"]
[BlackClock "0:00:37"]

1. d4 Nf6 2. Bf4 d5 3. Nf3 c5 4. e3 cxd4 5. exd4 Qb6 6. Nc3 a6 7. a3 Bg4 8. Be2 Nc6 9. Na4 Qd8 10. O-O e6 11. c3 Be7 12. h3 Bh5 13. Re1 O-O 14. b4 b6 15. Qb3 Ne4 16. Ne5 Nxe5 17. Bxe5 Bxe2 18. Rxe2 Nd6 19. Rae1 Nc4 20. Bg3 Rc8 21. Nb2 Nxb2 22. Qxb2 Bd6 23. Re3 Rc7 24. Qe2 b5 25. a4 Rc4 26. Ra1 Qc7 27. Bxd6 Qxd6 28. axb5 axb5 29. Rg3 Rfc8 30. Ra3 Qc7 31. Qg4 g6 32. Rf3 Qb7 33. Qf4 Qc7 34. Qf6 Qd7 35. h4 R4c7 36. h5 Qd8 37. Qf4 Qf8 38. h6 Qd8 39. Ra6 Qe7 40. Qe5 Qf8 41. Rxe6 Qxh6 42. Re8+ Rxe8 43. Qxe8+ Qf8 44. Qxb5 Qd6 45. Qe8+ Kg7 46. b5 Re7 0-1


[Site "https://www.chess.com"]

[Event "Titled Tuesday Blitz July 6 2021"]
[White "Jarovinsky, Alexey"]
[Black "Maung, Maung Kyaw Zaw Hein"]
[WhiteFideId "14115131"]
[BlackFideId "13001698"]
[WhiteElo "2446"]
[BlackElo "1785"]
[Result "1-0"]
[Round "01"]
[TimeControl "180+1"]
[Date "2021.07.06"]
[WhiteClock "0:01:27"]
[BlackClock "0:01:08"]

1. Nc3 d5 2. e4 dxe4 3. Nxe4 Bf5 4. Qf3 Bxe4 5. Qxe4 c6 6. Nf3 Nf6 7. Qd3 Nbd7 8. g3 e6 9. Bg2 Be7 10. O-O O-O 11. b3 Nc5 12. Qe2 a5 13. a3 Nd5 14. Bb2 Bf6 15. Ne5 Nd7 16. f4 Nxe5 17. fxe5 Be7 18. d4 b5 19. c4 bxc4 20. bxc4 Nb6 21. Bxc6 Rc8 22. Bb5 Qc7 23. Rac1 Rfd8 24. Qf3 Bf8 25. d5 Qc5+ 26. Kh1 exd5 27. Qxf7+ Kh8 28. e6 Nxc4 29. e7 Qxe7 30. Bxg7+ Bxg7 31. Qxe7 1-0


[Site "https://www.chess.com"]

[Event "Titled Tuesday Blitz July 6 2021"]
[White "Jobava, Baadur"]
[Black "Kim, Sergey"]
[WhiteFideId "13601520"]
[BlackFideId "13700570"]
[WhiteElo "2748"]
[BlackElo "2428"]
[Result "0-1"]
[Round "01"]
[TimeControl "180+1"]
[Date "2021.07.06"]
[WhiteClock "0:01:38"]
[BlackClock "0:00:17"]

1. d4 Nf6 2. Nc3 d5 3. Bf4 Bf5 4. f3 e6 5. e3 a6 6. g4 Bg6 7. h4 h6 8. h5 Bh7 9. Bd3 Nbd7 10. Nge2 Bd6 11. Bxh7 Nxh7 12. Qd2 Qe7 13. O-O-O O-O-O 14. Kb1 Kb8 15. e4 Bxf4 16. Nxf4 dxe4 17. Nxe4 Nhf6 18. Ng3 Qd6 19. Nfe2 c5 20. c3 cxd4 21. Qxd4 Qxd4 22. Nxd4 Ne5 23. Rhe1 Nc4 24. b3 Nb6 25. c4 Nbd7 26. Rd2 Nc5 27. Red1 Kc8 28. Kc2 Rd7 29. b4 Na4 30. Kb3 Nb6 31. Nde2 Rxd2 32. Rxd2 Rd8 33. Nf1 Rxd2 34. Nxd2 Nbd7 35. c5 Ne5 36. Nd4 Nd5 37. Ne4 Kd7 38. a4 Nc6 39. Nc2 Ne5 40. b5 axb5 41. axb5 Nxf3 42. Ka4 Ne5 43. Nd4 Nxg4 44. Ka5 Ne5 45. Nd6 b6+ 46. cxb6 Kxd6 47. Ka6 Nd7 48. b7 Nc7+ 49. Ka7 Kc5 50. b6 Nb5+ 0-1


[Site "https://www.chess.com"]

[Event "Titled Tuesday Blitz July 6 2021"]
[White "Kamsky, Gata"]
[Black "Leenhouts, Koen"]
[WhiteFideId "2000024"]
[BlackFideId "1008439"]
[WhiteElo "2644"]
[BlackElo "2409"]
[Result "1-0"]
[Round "01"]
[TimeControl "180+1"]
[Date "2021.07.06"]
[WhiteClock "0:00:20"]
[BlackClock "0:00:01"]

1. e4 c5 2. Nc3 Nc6 3. Bc4 g6 4. d3 Bg7 5. a3 e6 6. Ba2 Nge7 7. Nf3 d6 8. O-O O-O 9. Ne2 h6 10. Ng3 b5 11. c3 a5 12. d4 cxd4 13. cxd4 e5 14. d5 Nb8 15. Re1 Na6 16. Bd2 Nc5 17. Be3 Na4 18. Qd2 Kh7 19. b3 Nb6 20. Qe2 f5 21. Qxb5 Rb8 22. Qxa5 fxe4 23. Nxe4 Nbxd5 24. Qxd8 Rxd8 25. Bd2 Nf5 26. b4 Bb7 27. Rad1 Nd4 28. Nxd4 exd4 29. b5 Ra8 30. Bxd5 Bxd5 31. Bb4 Bb3 32. Rc1 d5 33. Nd2 Ba4 34. b6 Rab8 35. Rc7 Rxb6 36. Ree7 Rg8 37. h4 Rc6 38. Rxc6 Bxc6 39. Nf3 d3 40. Bc3 Kh8 41. Rxg7 Rxg7 42. Bxg7+ Kxg7 43. Kf1 Kf6 44. Ke1 Bb5 45. Kd2 Ba6 46. Ke3 Kf5 47. g3 Kg4 48. a4 Kh3 49. a5 Kg2 50. Ne1+ Kf1 51. Nxd3 Bxd3 52. Kxd3 1-0


[Site "https://www.chess.com"]